[Event "10th Amsterdam Science Park Chess-ch 202"]
[Site "Amsterdam"]
[Date "2022.07.18"]
[Round "1.1"]
[White "Bous, Florian"]
[Black "Zwirs, Nico"]
[Result "0-1"]
[ECO "D35"]
[WhiteElo "2023"]
[BlackElo "2485"]
[Annotator "TA"]
[PlyCount "48"]
[EventDate "2022.07.18"]
[EventCountry "NED"]
[SourceTitle "playchess.com"]
[Source "ChessBase"]
[SourceQuality "1"]
[TimeControl "5400+30"]

1. d4 d5 2. c4 e6 3. Nf3 Nf6 4. Nc3 Nbd7 5. cxd5 exd5 6. Bg5 h6 {[%emt 0:02:20] D35: Queen's Gambit Declined: Exchange Variation.} 7. Bh4 g5 8. Bg3 Bb4 {[%emt 0:00:09] White is slightly better.} 9. a3 Bxc3+ 10. bxc3 Ne4 11. e3 (11. Nd2 $5 ) 11... h5 $1 $36 {[%emt 0:03:22][%mdl 2048] White must now prevent ...h4. Black fights for an advantage.} 12. h3 {[%emt 0:10:13] [#]} Nxg3 $146 ({Much less strong is} 12... Nxc3 13. Qc2 Ne4 14. Bxc7 $16) ({Predecessor:} 12... c6 13. Qb3 Nxg3 14. fxg3 Qc7 15. Qc2 Qxg3+ 16. Qf2 Qxf2+ 17. Kxf2 Rg8 18. g3 Nf6 19. Nd2 Bf5 {0-1 (32) Mecelis,A (1491)-Bagdanskis,D (1945) Kaunas 2020}) 13. fxg3 Qe7 14. Kf2 (14. Bd3 $11) 14... Nf6 {[%emt 0:28:05][%cal Bd7f6,Bf6g4,Bg4e3][%mdl 32] And now ...Ne4+ would win.} 15. Nxg5 {[%emt 0:05:00][%mdl 8192] This costs White the game.} (15. Bd3 $11 {and White has nothing to worry.}) 15... Rg8 $19 16. h4 Ng4+ {[%emt 0:01:15][%mdl 64] Deflection, Double Attack} 17. Ke1 Nxe3 18. Qxh5 {[%emt 0:03:55] [#]} Bg4 $1 {[%emt 0:00:32] Chess con chili.} ({And not} 18... Nc2+ 19. Kd2 Bf5 20. Bb5+ c6 {[#]} 21. Rhe1 $1 Nxe1 22. Rxe1 $11) 19. Qh7 $2 (19. Qxf7+ Qxf7 20. Nxf7 Kxf7 21. Kf2 Nd1+ 22. Kg1) 19... Nd1+ {[%emt 0:06:24] Black is clearly winning.} 20. Ne4 O-O-O {[%emt 0:01:57] aiming for ...Nxc3.} 21. Rxd1 Rh8 {[%emt 0:01:02][%mdl 64] Deflection} ({Weaker is} 21... Qxe4+ 22. Qxe4 dxe4 23. Rb1 $14) 22. Qg7 Qxe4+ 23. Kd2 Bxd1 24. Bd3 {[%emt 0:00:07] Prevents Qc2+.} Qxg2+ {[%emt 0:00:06] Weighted Error Value: White=0.98/Black=0.04 (flawless)} 0-1

[Event "10th Amsterdam Science Park Chess-ch 202"]
[Site "Amsterdam"]
[Date "2022.07.18"]
[Round "1.2"]
[White "Van Delft, Merijn"]
[Black "Van Nieuwkerk, Ton"]
[Result "1-0"]
[ECO "C02"]
[WhiteElo "2383"]
[BlackElo "2014"]
[Annotator "TA"]
[PlyCount "83"]
[EventDate "2022.07.18"]
[EventCountry "NED"]
[SourceTitle "playchess.com"]
[Source "ChessBase"]
[SourceQuality "1"]
[TimeControl "5400+30"]

1. e4 e6 2. d4 d5 3. e5 c5 4. c3 Nc6 5. Nf3 Bd7 6. Be2 Nge7 7. O-O Rc8 8. Kh1 {[%emt 0:15:19] C02: French: Advance Variation.} (8. dxc5 $5 Ng6 9. Be3 $11 (9. Bg5 Be7 $11)) 8... cxd4 9. cxd4 Qb6 10. Nc3 {[%emt 0:01:17] [#] The position is equal.} Na5 $146 ({Predecessor:} 10... Ng6 11. Na4 Qc7 12. Ne1 Nb4 13. Nc3 Be7 14. Be3 O-O 15. Nd3 Nxd3 16. Bxd3 Bc6 {½-½ (28) Cima,R-Cast,A (2082) Mallorca 2004}) 11. Bd3 Nec6 12. Na4 Qd8 13. a3 {[%emt 0:00:00] Against Nb4} b5 14. Nc5 Bxc5 15. dxc5 Nc4 16. Re1 Qc7 17. Qe2 N6a5 (17... N4a5 $142) 18. Bc2 $16 Nc6 19. b3 N4a5 20. Bd2 (20. Qxb5 Nxe5 $1 21. Qe2 Nxf3 22. Qxf3 Qxc5 $15) 20... h6 21. Rab1 ({Don't take} 21. Qxb5 $6 Nd4 22. Qd3 (22. Qxa5 Qxa5 23. Bxa5 Nxc2 $15) (22. Bxa5 Bxb5 23. Bxc7 Nxc2 $11) 22... Nxf3 23. Qxf3 Qxc5 $14) 21... Rb8 22. b4 (22. Ng1 $142) 22... Nc4 23. Bc1 a5 24. h3 axb4 25. axb4 Ra8 26. Bb3 Ke7 27. Bxc4 dxc4 28. Qe4 Rhd8 (28... Na7 $142) 29. Rd1 Ra4 $2 (29... Bc8 $16 {was necessary.} 30. Rxd8 Kxd8) 30. Qe1 $2 (30. Qh7 $18 Be8 31. Rd6) 30... Be8 (30... Kf8 $11 {keeps the balance.}) 31. Rd6 $1 Kf8 (31... Qa7 $142) 32. Bd2 $2 ({White has to play} 32. Qe4 $1 $16 ) 32... Ne7 {[%emt 0:03:47] [#]} (32... Kg8 $11 {remains equal.}) 33. Nd4 ({Only move:} 33. Bxh6 $1 $16 {[%cal Ob1d1][%mdl 512] Rbd1! is the strong threat.} Rc8 (33... Nf5 34. Rxd8) 34. Bg5) 33... Nc8 $2 {[%emt 0:02:51][%mdl 8192] [#]} (33... Kg8 $11 {and Black has nothing to worry.}) 34. Qe4 $1 Kg8 $18 {[%emt 0:02:55] [#]} (34... Nxd6 $2 35. cxd6 Rxd6 36. exd6 Qxd6 37. Qh7 $1 $18) 35. Rc1 {[%emt 0:02:31] White is much more active. The black rooks are badly placed.} ({Worse is} 35. Rxd8 Qxd8 36. Qg4 Ne7 $15) (35. Qg4 $1 $16 Kh7 36. Rxd8 Qxd8 37. Rd1) 35... Nxd6 (35... Ra3 $1 $14) 36. exd6 $16 Qd7 {[%emt 0:00:12] [#]} (36... Qa7 $16 {was worth a try.}) 37. Rc3 $1 $18 Ra2 $2 {[%emt 0:01:38] [#]} (37... Rxb4 $2 38. Rg3 f5 39. Qe1 $18) (37... Rda8 38. Rg3 Ra3) 38. Bxh6 $1 gxh6 (38... f5 39. Qe5) 39. Rg3+ {[%emt 0:00:43] White mates.} Kf8 40. Qh7 Ra1+ 41. Kh2 f6 42. Rg8# {[%emt 0:08:00] Weighted Error Value: White=0.33/Black=0.62} 1-0

[Event "10th Amsterdam Science Park Chess-ch 202"]
[Site "Amsterdam"]
[Date "2022.07.18"]
[Round "1.3"]
[White "Golbach, Floris"]
[Black "Bosboom, Manuel"]
[Result "0-1"]
[ECO "E71"]
[WhiteElo "2012"]
[BlackElo "2381"]
[Annotator "TA"]
[PlyCount "78"]
[EventDate "2022.07.18"]
[EventCountry "NED"]
[SourceTitle "playchess.com"]
[Source "ChessBase"]
[SourceQuality "1"]
[TimeControl "5400+30"]

1. d4 Nf6 2. c4 g6 3. Nc3 Bg7 4. e4 d6 5. h3 O-O 6. Bg5 Nbd7 7. Bd3 c5 {[%emt 0:02:29] has lost popularity (7...e5).} 8. d5 {[%emt 0:01:19] E71: King's Indian: 4 e4 d6 5 h3.} Ne5 9. Be2 b5 10. cxb5 {[%emt 0:03:07] The position is equal.} a6 11. Nf3 Nxf3+ 12. gxf3 axb5 13. Bxb5 {[%emt 0:01:18] [#]} Qa5 $146 (13... Bd7 $15) ({Predecessor:} 13... h6 14. Be3 e6 15. dxe6 Bxe6 16. Qd2 Kh7 17. Rd1 Qa5 18. a4 Bb3 19. Rc1 Rfd8 {0-1 (37) Costa,J (2425)-Nemet,I (2410) Switzerland 1993}) 14. a4 $11 Qb4 15. Bd2 Nh5 16. Qc2 Qd4 $1 17. Ra3 f5 18. a5 fxe4 19. Qxe4 (19. Bc6 $15 Ra6 20. Qxe4) 19... Qb4 $1 $17 {[%emt 0:02:49] Threatens to win with ...Bxc3.} 20. Bc6 (20. Bc4 $17) 20... Ba6 $2 21. Qe6+ (21. Qxe7 $2 Qxb2 22. Ra2 Qb3 $1 $19) 21... Kh8 22. Nd1 $132 {[%emt 0:00:09][%mdl 2048] White puts up resistance} ({Avoid the trap} 22. Bxa8 $2 Qxb2 23. Ra2 Qb3 $19) 22... Nf4 ({Black should play} 22... Qb8 $11 23. Bxa8 (23. Qxe7 Ra7 $17) 23... Qxa8) 23. Bxb4 $14 Nxe6 {[%emt 0:01:57] [#]} (23... cxb4 $14 24. Qe4 (24. Qxe7 bxa3 25. bxa3 Rab8 $11) 24... bxa3 25. Bxa8 (25. bxa3 $2 Nd3+ 26. Kd2 Rab8 $19) 25... a2) 24. Bc3 $1 $16 ({Worse is} 24. Bxa8 cxb4 25. Re3 Nd4 $17) 24... Nf4 25. Bxg7+ (25. Bxa8 $18 {is more deadly.} Rxa8 26. Ne3) 25... Kxg7 26. Bxa8 Rxa8 27. Ne3 {[%emt 0:01:16] And now Kd2 would win.} Rb8 28. Ra2 h5 29. Kd2 Nd3 {[%emt 0:01:27] [#]} ({Black should try} 29... Rb4 $1 $14) 30. Kc3 (30. Rb1 $1 $16) 30... Rf8 $11 31. Rd1 $2 (31. Ra3 $11) 31... Nxf2 $17 {[%emt 0:00:34] Black is much more active.} 32. Rd2 {[%emt 0:00:43] Loses the game.} (32. Re1 $17) 32... Rxf3 $19 33. Rxf2 Rxf2 {[%emt 0:00:34][%mdl 4096] Endgame KRB-KRN} 34. h4 $2 (34. Ra4 {was necessary.} g5 35. Re4) 34... Rf3 {[%emt 0:00:17] Black is clearly winning.} 35. Kd2 Rf4 {[%emt 0:00:16][%cal Bf3f4,Bf4h4,Bh4d4,Bd4a4][%mdl 32] Prevents Ra4.} 36. Ra3 Rxh4 37. Rb3 Rd4+ 38. Ke1 h4 {[%emt 0:01:04] Hoping for ...h3.} 39. Kf2 Ra4 {[%emt 0:02:31] Weighted Error Value: White=0.50/Black=0.27 (precise)} 0-1

[Event "10th Amsterdam Science Park Chess-ch 202"]
[Site "Amsterdam"]
[Date "2022.07.18"]
[Round "1.4"]
[White "Blom, Vincent"]
[Black "Zhu, Chenwu"]
[Result "1-0"]
[ECO "A30"]
[WhiteElo "2325"]
[BlackElo "2010"]
[Annotator "TA RC"]
[PlyCount "71"]
[EventDate "2022.07.18"]
[EventCountry "NED"]
[SourceTitle "playchess.com"]
[Source "ChessBase"]
[SourceQuality "1"]
[TimeControl "5400+30"]

1. c4 c5 2. b3 Nf6 3. Bb2 g6 4. Bxf6 exf6 5. Nc3 f5 6. g3 {[%emt 0:00:09] A30: Symmetrical English: Double Fianchetto and Hedgehog.} Bg7 7. Bg2 Nc6 8. e3 {[%emt 0:04:02] White has an edge.} Nb4 {[%emt 0:11:43][%cal Od7d5] [#]} 9. Nge2 $146 ({Predecessor:} 9. Qb1 d5 10. cxd5 Bxc3 11. dxc3 Nxd5 12. Ne2 O-O 13. O-O Nf6 14. c4 Be6 15. Bxb7 {½-½ (57) Hillarp Persson,T (2552)-Bellon Lopez,J (2368) Vaxjo 2015}) 9... Nd3+ 10. Kf1 O-O 11. a3 {[%emt 0:10:31] f4 is the strong threat.} d6 $2 (11... Rb8 $11 {and Black has nothing to worry.}) 12. f4 $1 $18 Rb8 13. Ra2 d5 (13... Ne5 $142) 14. Bxd5 b5 15. Qc2 $1 ({And not} 15. cxb5 Rxb5 16. Qc2 Rb6 $11) 15... bxc4 (15... Nb4 $142 16. axb4 cxb4) 16. bxc4 Nb4 17. axb4 cxb4 {[%emt 0:00:06] [#]} 18. Rxa7 $1 bxc3 19. Nxc3 Qb6 {[%emt 0:01:20] [#]} 20. Ra1 Qb2 21. Rc1 Be6 (21... Qa3 {was necessary.} 22. Rb1 Be6) 22. Bxe6 fxe6 23. Qxb2 Rxb2 24. Ke2 Rc8 25. Nd1 Ra2 {[%emt 0:01:43] [#]} 26. Nf2 $1 Bf8 27. Nd3 h6 (27... Rc7 $142 28. c5 Ra8) 28. Ra1 Rxa1 29. Rxa1 Rxc4 {[%emt 0:00:22][%mdl 4096] Endgame KRB-KRN} 30. Ra6 Re4 31. Ne5 {[%emt 0:00:58] White is clearly winning.} g5 32. Rxe6 gxf4 33. gxf4 Ra4 34. Rf6 Ra2 35. Rxf5 Bb4 36. Nf3 {[%emt 0:00:06] White took control after the opening.  Weighted Error Value: White=0.09 (flawless) /Black=0.41} 1-0

[Event "10th Amsterdam Science Park Chess-ch 202"]
[Site "Amsterdam"]
[Date "2022.07.18"]
[Round "1.5"]
[White "Kotmans, Rob"]
[Black "Van Baar, Esper"]
[Result "0-1"]
[ECO "B26"]
[WhiteElo "2008"]
[BlackElo "2281"]
[Annotator "TA"]
[PlyCount "52"]
[EventDate "2022.07.18"]
[EventCountry "NED"]
[SourceTitle "playchess.com"]
[Source "ChessBase"]
[SourceQuality "1"]
[TimeControl "5400+30"]

1. e4 c5 2. Nc3 d6 3. g3 Nc6 4. Bg2 g6 5. d3 Bg7 6. Be3 e6 7. Qd2 Nd4 8. Nce2 {[%emt 0:03:49] B26: Closed Sicilian: 3 g3, lines with early Be3.} Nxe2 9. Nxe2 Bxb2 10. Rb1 {[%emt 0:00:59] The position is equal.} Bg7 {[%emt 0:00:34] [#]} 11. c3 $146 ({White should try} 11. d4 $11) ({Predecessor:} 11. d4 cxd4 12. Nxd4 Ne7 13. Nb5 d5 14. Bc5 O-O 15. O-O b6 16. Ba3 Ba6 17. Rfd1 Bxb5 18. Rxb5 {1-0 (30) Belenkaya,D (2341)-Dordzhieva,D (2311) Chess.com INT 2021}) 11... b6 $15 12. e5 (12. c4 $15) 12... Rb8 $17 13. exd6 Qxd6 14. d4 {[%emt 0:01:40] [#]} cxd4 15. cxd4 Bb7 16. Bf4 e5 ({Black should play} 16... Qd8 $17 17. Kf1 Bxg2+ 18. Kxg2 Rc8) 17. Bxb7 $15 exf4 18. Ba6 fxg3 19. Bb5+ Kf8 {[%emt 0:00:06] ...gxf2+ is the strong threat.} 20. fxg3 Ne7 21. O-O Nf5 22. Rbd1 Rd8 23. Bc4 h5 24. Bb3 Rh7 25. Nf4 $2 {[%emt 0:05:00] [#]} (25. Qd3 $17) 25... Bxd4+ 26. Kh1 Qc6+ {[%emt 0:02:27] Weighted Error Value: White=0.29 (precise) /Black=0.06 (flawless)} (26... h4 $19 27. Ne6+ fxe6) 0-1

[Event "10th Amsterdam Science Park Chess-ch 202"]
[Site "Amsterdam"]
[Date "2022.07.18"]
[Round "1.6"]
[White "Stolwijk, Colin"]
[Black "De Ruiter, Tom"]
[Result "1-0"]
[ECO "B07"]
[WhiteElo "2277"]
[BlackElo "2007"]
[Annotator "TA"]
[PlyCount "115"]
[EventDate "2022.07.18"]
[EventCountry "NED"]
[SourceTitle "playchess.com"]
[Source "ChessBase"]
[SourceQuality "1"]
[TimeControl "5400+30"]

1. e4 d6 2. d4 Nf6 3. Nc3 c6 4. Nf3 Bg4 5. h3 Bxf3 6. Qxf3 {[%emt 0:00:02] B07: Pirc Defence: Miscellaneous Systems.} e6 7. e5 (7. Be3 $14) 7... dxe5 $11 8. dxe5 {[%emt 0:00:07] [#] The position is equal.} Nfd7 $146 ({Predecessor:} 8... Nd5 9. Bd2 Nd7 10. Qg3 Qc7 11. f4 Nxc3 12. Bxc3 g6 13. Be2 Qb6 14. O-O-O {1-0 (37) Vareille,F (2417)-Robertson,I (2062) Bucharest 2019}) 9. Bf4 Qa5 10. O-O-O Bb4 11. Ne4 (11. Bd2 $14) 11... O-O $2 (11... Qxa2 $15 12. c3 Be7) 12. Kb1 (12. a3 $18) 12... Nxe5 $14 13. Qh5 Ng6 14. Qxa5 Bxa5 15. Bd6 Re8 16. Nc5 $132 {[%emt 0:05:12][%mdl 2048] White puts up resistance} Bb6 17. g3 (17. Nxb7 $11 Bxf2 18. Nc5) 17... Nf8 ({Black should try} 17... Rd8 $15 18. b4 (18. Nxb7 $2 Rd7 $19) 18... Bxc5 19. bxc5 Ne7) 18. Nxb7 {[%emt 0:03:39] White is much more active.} Bxf2 19. Rd2 Bb6 20. c4 a5 21. c5 Ra7 22. cxb6 Rxb7 23. Bc7 {[%emt 0:00:08] This bishop pair is nice.} Nfd7 24. Ba6 $1 Nxa6 25. Rxd7 f6 26. g4 e5 27. g5 (27. Rc1 $11) 27... fxg5 28. Rf1 (28. Rg1 $11) 28... Nc5 $17 29. Rd6 Ne4 30. Rd3 Nf6 $1 31. Rc3 Re6 {[%emt 0:00:28] With the idea ...Nd5.} 32. Rc5 Ne4 (32... Nd5 $1 $15 33. Rxa5 Re8) 33. Rc2 $11 Nf6 34. Rc5 Ne4 35. Rxa5 (35. Rc2 $11) 35... Nd2+ $17 36. Kc1 (36. Kc2 $15 Nxf1 37. Ra8+ Kf7 38. Ra7 Rxb6 39. Bxb6+ Kg6 40. a4) 36... Nxf1 37. Ra8+ Kf7 38. Ra7 {[%emt 0:00:18] [#]} Rxb6 39. Bxb6+ {[%emt 0:00:02][%mdl 4096] Endgame KRB-KRN} Kg6 40. a4 e4 41. Kd1 (41. Bc5 $17) 41... e3 $1 $19 42. Ke1 e2 43. Rd7 h5 $2 (43... Ne3 $17 {( -> ...Ng2+)} 44. Bxe3 Rxe3 45. Rd6+ (45. a5 Rxh3 46. Rd6+ Kf5 $17) 45... Kf5 46. Rxc6 Rxh3 47. Rc5+ Kf4) 44. a5 ({Better is} 44. Rd3 $11) 44... Nh2 $2 (44... Ne3 $1 $15 {stays ahead.} 45. Bxe3 Rxe3) 45. Rd3 $18 g4 46. hxg4 hxg4 47. Re3 Nf3+ 48. Kxe2 $1 Rd6 49. Rd3 {[%emt 0:00:00][%mdl 1024] Inhibits Rd2+. White has strong compensation.} Re6+ {[%emt 0:00:00] [#]} 50. Kf2 $1 {[%emt 0:00:00] And now a6 would win.} Ne5 {[%emt 0:00:00] [#]} 51. Rd8 (51. Rb3 $1 $16) 51... Nc4 $11 52. Rb8 {[%emt 0:00:00] Hoping for a6.} Rd6 53. b3 (53. a6 {seems wilder.} Rd2+ 54. Kg3 Rxb2 55. a7) 53... Nxb6 54. Rxb6 ({Don't play} 54. axb6 Rd2+ 55. Ke3 Rd5 $15) 54... Kf5 55. a6 Ke4 $2 (55... Rd2+ $11 56. Kg3 (56. Ke3 Rc2 $11) 56... Rd3+ 57. Kg2 Rd2+ 58. Kg3 Rd3+ 59. Kg2 Rd2+ 60. Kg3) 56. a7 {[%emt 0:01:08] White mates.} Rd2+ 57. Kg3 Ra2 58. Rb4+ {[%emt 0:00:10][%mdl 64] Skewer. Never resign too early!  Weighted Error Value: White=0.34/Black=0.37} ({And not} 58. Rb7 c5 $11) 1-0

[Event "10th Amsterdam Science Park Chess-ch 202"]
[Site "Amsterdam"]
[Date "2022.07.18"]
[Round "1.7"]
[White "Galje, Hans"]
[Black "De Groote, Ewoud"]
[Result "0-1"]
[ECO "E52"]
[WhiteElo "2007"]
[BlackElo "2245"]
[Annotator "TA"]
[PlyCount "84"]
[EventDate "2022.07.18"]
[EventCountry "NED"]
[SourceTitle "playchess.com"]
[Source "ChessBase"]
[SourceQuality "1"]
[TimeControl "5400+30"]

1. d4 Nf6 2. c4 e6 3. Nc3 Bb4 4. e3 d5 5. Nf3 O-O 6. Bd3 dxc4 7. Bxc4 b6 8. O-O Bb7 9. a3 Bxc3 10. bxc3 c5 {[%emt 0:08:13] E52: Nimzo-Indian: Rubinstein: 4...0-0 5 Nf3 d5 6 Bd3 b6.} 11. a4 Qc7 12. Bd3 Nbd7 {[%emt 0:11:26] The position is equal.} 13. Qe2 e5 14. Nxe5 Nxe5 15. dxe5 Qxe5 16. Bb2 {[%emt 0:00:26] [#]} Rad8 $146 {[%emt 0:13:26] [#] Threatens to win with ...Qd5.} ({Predecessor:} 16... Rfe8 17. a5 Qg5 18. g3 Rad8 19. c4 h5 20. axb6 axb6 21. Ra7 Ba8 22. e4 h4 {½-½ (53) Zill,E (2138)-Felkel,S (2176) GER email 2010}) 17. Rad1 Bc6 18. c4 Qe6 $40 {[%emt 0:01:44][%mdl 128] Black has some attack.} 19. Bc2 Rfe8 20. a5 Ne4 21. axb6 axb6 22. Rxd8 Rxd8 23. Rd1 {[%emt 0:00:08] Inhibits Rd2.} Rxd1+ 24. Qxd1 {[%emt 0:00:23] Qd8+ is the strong threat.} Nd6 25. Qh5 (25. Bd3 $11 {remains equal.}) 25... Be4 $17 26. Bb3 (26. Qg5 f6 27. Bxe4 Qxe4 28. Qd5+ Qxd5 29. cxd5 Nc4 $19) 26... f6 27. Qh4 (27. Qe2 $142) 27... Bd3 (27... Nxc4 28. Qf4 $11) 28. h3 h6 {[%emt 0:01:26][%cal Rd3c4] Black is more active.} (28... Nxc4 $6 29. Qg3 $11) 29. Qf4 Bxc4 (29... Kf7 {with more complications.} 30. Ba4 Ke7 31. Qg3 Qf7) 30. Bc2 b5 31. e4 b4 32. e5 fxe5 33. Bxe5 Nf7 34. Bb2 {[%emt 0:00:53] Threatening mate with Qb8+.} Bb5 35. Bf5 (35. Qg3 $11 g5 36. Bb3 Qe1+ 37. Kh2) 35... Qd6 ({Black should try} 35... Qe1+ $15 36. Kh2 Qe7 37. Qb8+ (37. Qg3 Qd6 $17) 37... Be8) 36. Qg4 $1 $11 (36. Bh7+ $2 Kxh7 37. Qxf7 Qg6 38. Qxg6+ Kxg6 $19) 36... g5 ({Don't play} 36... Ng5 37. h4 g6 38. Bc2 $16 (38. hxg5 gxf5 39. Qxf5 Qd1+ 40. Kh2 Qh5+ 41. Kg1 Qd1+ 42. Kh2 Qh5+ 43. Kg1 Qd1+ $11)) 37. Be6 {[%emt 0:00:43] And now Qf5 would win. This bishop pair is nice.} Bd3 {[%emt 0:00:56] Prevents Qf5.} (37... Qd3 $11 38. Qh5 Be8) 38. Bc8 $2 (38. Ba2 $1 $14 {keeps the upper hand.} Bg6 39. Qc8+ Qf8 40. Qe6) 38... c4 $2 (38... h5 $19 39. Qd7 Qxd7 40. Bxd7 c4) 39. Bd4 $2 (39. Be6 $1 $11 {and White is okay.}) 39... c3 (39... h5 $19 {and Black stays clearly on top.} 40. Qd7 Qxd7 41. Bxd7 Nd6) 40. Bb7 $2 (40. Be6 $17 Bg6 41. Bb3) 40... c2 41. Qc8+ (41. Bb2 $142) 41... Qd8 (41... Kh7 $142 42. Bb2 Bg6) 42. Qc5 {[%emt 0:00:00] [#]} (42. Qxd8+ Nxd8 43. Bd5+ Kf8 44. Bb2) 42... Qxd4 $3 {[%emt 0:00:00][%mdl 512] Weighted Error Value: White=0.59/Black=0.34} 0-1

[Event "10th Amsterdam Science Park Chess-ch 202"]
[Site "Amsterdam"]
[Date "2022.07.18"]
[Round "1.8"]
[White "Afek, Yochanan"]
[Black "Li-Behn, Tobias"]
[Result "1-0"]
[ECO "C45"]
[WhiteElo "2210"]
[BlackElo "2000"]
[Annotator "TA"]
[PlyCount "81"]
[EventDate "2022.07.18"]
[EventCountry "NED"]
[SourceTitle "playchess.com"]
[Source "ChessBase"]
[SourceQuality "1"]
[TimeControl "5400+30"]

1. e4 e5 2. Nf3 Nc6 3. Nc3 Nf6 4. d4 exd4 5. Nxd4 Nxd4 6. Qxd4 d6 7. Bg5 Be7 8. O-O-O O-O 9. f3 {[%emt 0:00:00] C45: Scotch Game.} Be6 10. g4 a6 (10... c6 $11) 11. Be3 {[%emt 0:00:00] White is more active. White is slightly better.} c5 12. Qd2 Qa5 {[%emt 0:05:29] [#]} (12... b5 $14) 13. g5 $146 ({Predecessor:} 13. Kb1 Kh8 14. g5 Ne8 15. f4 f5 16. exf5 Bxf5 17. Nd5 Qxd2 18. Rxd2 Bd8 19. Bg2 {1-0 (40) Delorme,A (2010)-Rigolot,M (1900) Hyeres 2002}) 13... Nd7 {[%emt 0:01:30] [#]} 14. Nd5 (14. Kb1 $1 $16) 14... Qxd2+ $14 15. Rxd2 Bxd5 16. Rxd5 b5 17. h4 Rfd8 18. Bf4 Nb6 19. Rd2 Ra7 20. Bh3 d5 21. exd5 {[%emt 0:00:00] d6 is the strong threat.} Rxd5 22. Rhd1 Rxd2 23. Rxd2 g6 24. b3 c4 25. Be3 Rb7 26. f4 Ba3+ ({Black should try} 26... Rb8 $1 $14) 27. Kd1 {[%emt 0:00:00] aiming for Rd8+.} Bb2 $2 (27... Rb8 $16 {is tougher.}) 28. Rd6 $18 cxb3 29. axb3 Na4 30. bxa4 bxa4 31. Rxa6 Bc3 32. Rxa4 Rb1+ 33. Ke2 Rh1 34. Bg2 Rxh4 35. Ra8+ Kg7 36. Bc5 (36. Kd3 $142 Rg4 37. Kxc3 Rg3 {[#]} 38. Kd3 $1 h6 39. gxh6+ Kxh6 40. Bd5 Kh7 41. Ra7) 36... h6 37. Kd3 Bb2 38. c3 {[%emt 0:00:00] Intending Bd4+ and mate.} hxg5 39. fxg5 {[%emt 0:00:00] White mates.} Rg4 40. Bd4+ f6 41. Bxf6+ {[%emt 0:00:00] Weighted Error Value: White=0.18 (very precise) /Black=0.88} 1-0

[Event "10th Amsterdam Science Park Chess-ch 202"]
[Site "Amsterdam"]
[Date "2022.07.18"]
[Round "1.9"]
[White "Schilstra, Laurens"]
[Black "Van der Poel, Henk"]
[Result "1-0"]
[ECO "B53"]
[WhiteElo "1993"]
[BlackElo "2210"]
[Annotator "TA"]
[PlyCount "73"]
[EventDate "2022.07.18"]
[EventCountry "NED"]
[SourceTitle "playchess.com"]
[Source "ChessBase"]
[SourceQuality "1"]
[TimeControl "5400+30"]

1. e4 c5 2. Nf3 d6 3. d4 cxd4 4. Qxd4 a6 5. Bg5 Nc6 6. Qd2 h6 7. Bh4 g5 8. Bg3 Nf6 {[%emt 0:00:49] B53: Sicilian: 2...d6: Lines with Qxd4.} 9. Nc3 Nh5 10. Be2 Bg7 {[%emt 0:03:09] [#] The position is equal.} 11. O-O $146 ({Predecessor:} 11. Rd1 Nxg3 12. hxg3 O-O 13. Nd5 Be6 14. Nh2 Nd4 15. c3 Nxe2 16. Qxe2 Bxd5 17. Rxd5 {1-0 (41) Polihroniade,E (2210)-Ivanisevic,D Smederevska Palanka 1979}) 11... Nxg3 12. hxg3 O-O 13. Rab1 f5 14. exf5 Bxf5 15. Rfe1 e5 (15... Qd7 $11) 16. Bd3 Be6 17. Be4 {[%emt 0:01:00] Prevents d5.} Qd7 18. Rbd1 Rad8 19. Bd5 Ne7 20. Bxe6+ Qxe6 21. Nd5 $1 Nc6 {[%emt 0:04:54] Black is on the road to losing.} 22. Qe3 Qg6 23. c3 {[%emt 0:12:43] White is more active.} Rf7 24. Nd2 h5 25. Ne4 Bh6 26. Qb6 {[%emt 0:00:27] Black must now prevent Nb4.} Rdd7 27. a4 Qe6 (27... g4 $16 28. Qb3 Rd8) 28. b4 $18 Rf8 29. b5 axb5 30. axb5 Nd8 31. Nc7 {[%emt 0:03:34] Pair of Knights!} Qc4 {[%emt 0:03:14] [#]} (31... Qf5 32. Rxd6 Bg7) 32. Nd5 {[%emt 0:04:24] White is clearly winning.} Bg7 {[%emt 0:01:47] Prevents Ndf6+.} 33. Qe3 Ne6 34. Nb6 Qxb5 35. Nxd7 Qxd7 36. Rxd6 Qe7 37. Qd3 {[%emt 0:01:00] Weighted Error Value: White=0.07 (flawless) /Black=0.38} 1-0